 Dungeon Crawl Stone Soup version 0.18-a0-1273-g8ec5f8e (webtiles) character file.

11231 M4edhros the Covert (level 11, -1/56 HPs)
             Began as an Octopode Artificer on Feb 8, 2016.
             Was a Priest of Fedhas.
             Slain by a black mamba (14 damage)
             ... on level 3 of the Lair of Beasts.
             The game lasted 00:33:38 (14087 turns).

M4edhros the Covert (Octopode Artificer)           Turns: 14087, Time: 00:33:38

Health: -1/56      AC:  9    Str: 12    XL:     11   Next: 74%
Magic:  16/16      EV: 17    Int: 18    God:    Fedhas [***...]
Gold:   641        SH:  4    Dex: 13    Spells: 2 memorised, 11 levels left

rFire  . . .     SeeInvis .     E - +1 hunting sling (freeze)
rCold  . . .     Gourm    .     (no shield)
rNeg   . . .     Faith    .     (helmet restricted)
rPois  +         Spirit   .     C - +4 amulet of reflection
rElec  .         Dismiss  .     g - +5 ring of protection
rCorr  .         Reflect  +     j - ring of stealth
SustAt +         Harm     .     a - ring of sustain attributes
MR     +....                    (no ring)
Stlth  ++++++++..               S - ring of protection from magic
                                L - +2 ring of protection
                                (no ring)
                                (no ring)

@: somewhat resistant to hostile enchantments, extraordinarily stealthy
A: almost no armour, amphibious, 8 rings, constrict 8, camouflage 1, frail 1,
poison resistance, shaggy fur 1, slow regeneration 1, strong 1, gelatinous body
1
a: Evolution, Sunlight, Growth, Renounce Religion


You were on level 3 of the Lair of Beasts.
You worshipped Fedhas.
Fedhas was most pleased with you.
You were very hungry.

You visited 3 branches of the dungeon, and saw 14 of its levels.

You collected 641 gold pieces.

Inventory:

Hand Weapons
 k - a +1 dagger of venom
 E - a +1 hunting sling of freezing (weapon)
 K - the +5 long sword of Xankieps {freeze, rC++ Str+2}
   (You found it on level 8 of the Dungeon)

   It has been specially enchanted to freeze those struck by it, causing extra
   injury to most foes and up to half again as much damage against particularly
   susceptible opponents.
   It can also slow down cold-blooded creatures.
   It affects your strength (+2).
   It greatly protects you from cold.
Missiles
 h - 57 sling bullets
 i - 258 stones (quivered)
Jewellery
 a - a ring of sustain attributes (on tentacle)
 g - a +5 ring of protection (left tentacle)
 j - a ring of stealth (right tentacle)
 C - a +4 amulet of reflection (around mantle)
 L - a +2 ring of protection (on tentacle)
 S - a ring of protection from magic (on tentacle)
Wands
 b - a wand of flame (5/48)
 c - a wand of enslavement (2/24)
 d - a wand of random effects (1/48)
 n - a wand of polymorph (5/24)
 p - a wand of lightning (0/15)
 t - a wand of acid (7/15)
 w - a wand of enslavement (14/24)
 y - a wand of iceblast (8/15)
 A - a wand of iceblast (8/15)
 D - a wand of polymorph (14/24)
 G - a wand of lightning (3/15)
 Q - a wand of flame (30/48)
Scrolls
 o - 3 scrolls of enchant armour
 r - 2 scrolls of recharging
 u - a scroll of immolation
 z - 9 scrolls of teleportation
 I - 2 scrolls of remove curse
 J - 2 scrolls of magic mapping
 M - a scroll of summoning
Potions
 e - a potion of haste
 q - a potion of might
 s - a potion of curing
 N - 2 potions of magic
 O - a potion of cure mutation
Books
 m - a book of Beasts

   Spells                             Type                      Level
   a - Summon Butterflies             Summoning                    1
   b - Call Canine Familiar           Summoning                    3
   c - Summon Ice Beast               Ice/Summoning                4
   d - Summon Mana Viper              Hexes/Summoning              5
   e - Summon Hydra                   Summoning                    7
 v - an Akashic Record

   Spells                             Type                      Level
   a - Dispersal                      Translocation                6
   b - Malign Gateway                 Summoning/Translocation      7
   c - Disjunction                    Translocation                8
   d - Controlled Blink               Translocation                8
 x - a book of Geomancy

   Spells                             Type                      Level
   a - Sandblast                      Earth                        1
   b - Passwall                       Transmutation/Earth          2
   c - Stone Arrow                    Conjuration/Earth            3
   d - Petrify                        Transmutation/Earth          4
   e - Lee's Rapid Deconstruction     Earth                        5
 H - a book of Minor Magic

   Spells                             Type                      Level
   a - Magic Dart                     Conjuration                  1
   b - Blink                          Translocation                2
   c - Call Imp                       Summoning                    2
   d - Repel Missiles                 Charms/Air                   2
   e - Slow                           Hexes                        2
   f - Conjure Flame                  Conjuration/Fire             3
   g - Mephitic Cloud                 Conjuration/Poison/Air       3
 P - a book of Annihilations

   Spells                             Type                      Level
   a - Poison Arrow                   Conjuration/Poison           6
   b - Chain Lightning                Conjuration/Air              8
   c - Lehudib's Crystal Spear        Conjuration/Earth            8
   d - Glaciate                       Conjuration/Ice              9
   e - Fire Storm                     Conjuration/Fire             9
 R - a book of the Dragon

   Spells                             Type                      Level
   a - Flame Tongue                   Conjuration/Fire             1
   b - Cause Fear                     Hexes                        4
   c - Bolt of Fire                   Conjuration/Fire             6
   d - Dragon Form                    Transmutation                7
   e - Dragon's Call                  Summoning                    9
Comestibles
 f - 8 bread rations
 T - 6 fruits


   Skills:
 + Level 1.6 Fighting
 - Level 1.0 Short Blades
 + Level 8.6 Slings
 + Level 9.3 Dodging
 - Level 11.6 Stealth
 + Level 3.0 Spellcasting
 - Level 2.0 Charms
 + Level 3.1 Air Magic
 - Level 3.1 Poison Magic
 * Level 6.1 Invocations
 - Level 7.6 Evocations


You had 11 spell levels left.
You knew the following spells:

 Your Spells              Type           Power        Failure   Level  Hunger
a - Repel Missiles        Chrm/Air       ##....       12%         2    ##.....
b - Mephitic Cloud        Conj/Pois/Air  ##......     24%         3    ###....


Dungeon Overview and Level Annotations

Branches:
Dungeon (10/15)            Temple (1/1) D:4            Lair (3/8) D:8
  Snake (0/4) Lair:3
  Swamp: Lair:3-6    Shoals: Lair:3-6       Orc: D:9-12

Altars:
Ashenzari
Cheibriados
Dithmenos
Elyvilon
Fedhas
Gozag
Kikubaaqudgha
Makhleb
Nemelex Xobeh
Okawaru
Pakellas
Qazlal
Ru
Sif Muna
Trog
Vehumet
Xom
Yredelemnul
Zin
The Shining One

Shops:
D:5 *

Annotations:
D:8 4 runed doors


Innate Abilities, Weirdness & Mutations

You cannot wear most types of armour.
You are amphibious.
You can wear up to eight rings at the same time.
You can use your tentacles to constrict eight enemies at once.
Your skin changes colour to match your surroundings (Stealth).
Your rubbery body absorbs attacks (AC +1).
You are frail (-10% HP).
Your system is resistant to poisons.
You are covered in fur (AC +1).
You regenerate slowly when monsters are visible.
Your muscles are strong. (Str +2)


Message History

Attack!
Your black mamba bites the ball python!
The ball python dies!
You offer a prayer to Fedhas.
A toadstool grows from a nearby corpse.
Fedhas appreciates your contribution to the ecosystem.
Fedhas is most pleased with you.
You swap places.
You walk carefully through the fungus.
You see here a ball python skeleton.
You swap places.
Found a staircase to the Snake Pit.
Found a hand crossbow.
A water moccasin and a black mamba come into view.
The black mamba is no longer charmed.
You block the black mamba's attack.
Found 14 stones.
The black mamba hisses angrily.
The black mamba bites you!
You die...
Fedhas appreciates your contribution to the ecosystem.

#.รท.#
#P...###.....
##..# #..### ..
##..# ....
#...## #...#
#Pf..# ....#
##.P###..###
#....#(.P#
##..S..)##
#..@....#
........>P.....
..S............
.PS#..####...##.
#. ##. ..## # #.
... .. ..# ..#


You could see 2 black mambas, a water moccasin (wandering) and a friendly
wandering mushroom.

Vanquished Creatures
  A spiny frog (Lair:2)
  2 black mambas
  A komodo dragon (Lair:2)
  2 basilisks
  A wyvern (D:9)
  16 yaks
  2 hippogriffs
  4 water moccasins
  A porcupine (Lair:3)
  A black bear (D:8)
  2 orc warriors (D:8)
  A sky beast (D:7)
  2 ice beasts
  An ogre (D:8)
  2 phantoms
  A crocodile (Lair:1)
  A centaur (D:5)
  3 big kobolds
  8 giant frogs
  2 scorpions
  4 killer bees (D:9)
  A water moccasin skeleton (D:6)
  6 crimson imps
  A giant frog skeleton (D:6)
  3 orc priests
  3 hounds
  4 jellies
  3 centaur skeletons
  6 iguanas
  5 orc wizards
  Ijyb (D:3)
  4 worker ants
  A killer bee zombie (D:7)
  2 hound skeletons (D:9)
  3 gnolls (D:9)
  11 adders
  23 river rats
  3 shadow imps
  2 oozes
  An adder skeleton (D:4)
  3 worms
  7 giant geckos
  37 orcs
  A ball python (D:1)
  5 giant cockroaches
  12 goblins
  7 hobgoblins
  9 jackals
  9 quokkas
  A sheep (D:2)
  6 bats
  A giant gecko skeleton (D:6)
  7 giant newts
  12 kobolds
  8 rats
266 creatures vanquished.

Vanquished Creatures (collateral kills)
  A hydra (Lair:1)
  2 spiny frogs (Lair:2)
  The ghost of 4thArraOfDagon the Cudgeler, an amateur OgHu (D:6)
  A two-headed ogre (D:8)
  5 yaks
  2 wyverns
  A hungry ghost (D:9)
  2 hippogriffs (Lair:2)
  A water moccasin (Lair:3)
  A porcupine (Lair:3)
  3 orc warriors
  A black bear (D:9)
  A phantom (D:7)
  A sky beast (D:10)
  An ogre (D:10)
  A crocodile (Lair:2)
  A giant frog (Lair:2)
  A killer bee (D:9)
  A giant frog zombie (D:5)
  An orc wizard (D:7)
  A hound skeleton (D:8)
  A gnoll (D:9)
  An adder (D:8)
  A giant gecko (D:10)
  8 orcs
  A giant cockroach (D:8)
  A ball python (Lair:3)
43 creatures vanquished.

Vanquished Creatures (others)
  10 wandering mushrooms
  A killer bee zombie (D:10)
  An adder skeleton (D:6)
  A bush (Lair:1)
  7 plants
  160 toadstools
180 creatures vanquished.

Grand Total: 489 creatures vanquished

Notes
Turn   | Place    | Note
--------------------------------------------------------------
     0 | D:1      | M4edhros the Octopode Artificer began the quest for the Orb.
     0 | D:1      | Reached XP level 1. HP: 13/13 MP: 3/3
   338 | D:2      | Found a deep blue altar of Sif Muna.
   358 | D:2      | Reached XP level 2. HP: 18/18 MP: 4/4
   515 | D:4      | Reached XP level 3. HP: 23/23 MP: 5/5
   627 | D:4      | Found a burning altar of Makhleb.
   713 | D:4      | Noticed an angel
   714 | D:4      | Found a shimmering altar of Xom.
   715 | D:4      | Found a glowing silver altar of Zin.
   722 | D:4      | Became a worshipper of Xom of Chaos
   910 | D:4      | Found a staircase to the Ecumenical Temple.
   922 | Temple   | Entered the Ecumenical Temple
  1000 | Temple   | XOM: divination: magic mapping
  1010 | Temple   | XOM: harmless Erth miscast
  1052 | D:4      | XOM: harmless Ice miscast
  1231 | D:3      | Reached XP level 4. HP: 26/28 MP: 6/6
  1266 | D:3      | Reached skill level 4 in Stealth
  1498 | D:3      | Found a shattered altar of Ashenzari.
  1790 | D:2      | XOM: silly message
  1791 | D:2      | Found a stormy altar of Qazlal.
  1824 | D:2      | Found a basalt altar of Yredelemnul.
  1934 | D:2      | XOM: divination: detect items
  1943 | D:2      | Reached XP level 5. HP: 18/33 MP: 7/7
  2029 | D:2      | Found a shimmering altar of Xom.
  2083 | D:2      | Reached skill level 1 in Slings
  2596 | D:2      | XOM: harmless Chrm miscast
  2766 | D:5      | Entered Level 5 of the Dungeon
  2853 | D:5      | Reached skill level 5 in Stealth
  2893 | D:5      | Reached XP level 6. HP: 38/38 MP: 9/9
  2920 | D:5      | Found Sogarala's Elemental Accessories.
  2926 | D:5      | XOM: silly message
  2960 | D:5      | XOM: potion effect (berserk rage)
  2963 | D:5      | XOM: give mutations
  2963 | D:5      | Gained mutation: You are dopey. (Int -2) [Xom's mischief]
  2963 | D:5      | Gained mutation: Your spells are a little harder to cast, but a little more powerful. [Xom's mischief]
  2963 | D:5      | Gained mutation: Scrolls take you a little longer to read. [Xom's mischief]
  2963 | D:5      | Gained mutation: One of your tentacles bears a spike. [Xom's mischief]
  2968 | D:5      | XOM: summons friendly crimson imp
  3008 | D:5      | XOM: vitrification
  3112 | D:5      | XOM: give mutation
  3112 | D:5      | Lost mutation: You are dopey. (Int -2) [Xom's grace]
  3183 | D:5      | Reached XP level 7. HP: 20/43 MP: 10/10
  3251 | D:5      | XOM: colour smoke trail
  3269 | D:5      | Reached skill level 6 in Stealth
  3377 | D:5      | XOM: god gift: runed glass ring {god gift}
  3415 | D:5      | XOM: vitrification
  3476 | D:5      | Found a sacrificial altar of Ru.
  3582 | D:5      | XOM: vitrification
  3618 | D:5      | XOM: 3-stop teleportation journey
  3718 | D:6      | Noticed 4thArraOfDagon's ghost (amateur OgHu)
  3738 | D:6      | XOM: potion effect (berserk rage)
  3739 | D:6      | XOM: divine lightning (protected)
  3741 | D:6      | XOM: fog
  3942 | D:6      | Found a blossoming altar of Fedhas.
  3943 | D:6      | Found an ancient bone altar of Kikubaaqudgha.
  4078 | D:7      | Lost mutation: One of your tentacles bears a spike. [potion of cure mutation]
  4078 | D:7      | Lost mutation: Scrolls take you a little longer to read. [potion of cure mutation]
  4078 | D:7      | Lost mutation: Your spells are a little harder to cast, but a little more powerful. [potion of cure mutation]
  4092 | D:7      | Reached skill level 5 in Dodging
  4259 | D:7      | XOM: give mutation
  4259 | D:7      | Gained mutation: You are covered in fur (AC +1). [Xom's grace]
  4655 | D:7      | Reached XP level 8. HP: 48/48 MP: 11/11
  4702 | D:7      | XOM: swap monsters
  4734 | D:7      | XOM: 1-stop teleportation journey
  4784 | D:7      | XOM: confuse monster(s)
  4790 | D:7      | Reached skill level 5 in Evocations
  5036 | D:7      | Reached skill level 7 in Stealth
  5281 | D:7      | XOM: scenery: 2 doors close
  5296 | D:7      | XOM: 3-stop teleportation journey
  5880 | D:7      | XOM: vitrification
  5933 | D:6      | XOM: god gift: long fluorescent wand {god gift}
  6190 | D:6      | XOM: god gift: bubbling black potion
  6322 | D:6      | XOM: torment (25/48 hp)
  6394 | D:6      | XOM: silly message
  6408 | D:6      | Fell from the grace of Xom
  6408 | D:6      | Became a worshipper of Fedhas Madash
  7068 | D:3      | Noticed Ijyb
  7085 | D:3      | Killed Ijyb
  7106 | D:3      | Reached * piety under Fedhas
  7178 | D:3      | XOM: mild Hex miscast
  7544 | D:6      | Learned a level 2 spell: Repel Missiles
  7548 | D:6      | Learned a level 3 spell: Mephitic Cloud
  7986 | D:6      | XOM: summons 3 hostile shadow creatures
  8030 | D:6      | Killed 4thArraOfDagon's ghost
  8030 | D:6      | Reached skill level 8 in Stealth
  8030 | D:6      | Reached skill level 1 in Invocations
  8512 | D:7      | Reached skill level 5 in Slings
  8596 | D:7      | Reached XP level 9. HP: 53/53 MP: 13/13
  8613 | D:7      | XOM: noise
  8680 | D:8      | Noticed a two-headed ogre
  8738 | D:8      | Killed a two-headed ogre
  8752 | D:8      | Reached skill level 9 in Stealth
  8948 | D:8      | Got a dazzling long sword
  8949 | D:8      | Identified the +5 long sword of Xankieps {freeze, rC++ Str+2} (You found it on level 8 of the Dungeon)
  8977 | D:8      | Found a staircase to the Lair.
  9078 | D:8      | XOM: polymorph wandering mushroom -> oklob plant
  9236 | D:8      | Found a huge runed gate.
  9238 | D:8      | Found a huge runed gate.
  9238 | D:8      | Found a huge runed gate.
  9238 | D:8      | Found a huge runed gate.
  9239 | D:8      | Noticed a polar bear
  9239 | D:8      | Noticed a polar bear
  9250 | D:8      | Noticed a griffon
  9254 | D:8      | Noticed a polar bear
  9255 | D:8      | Noticed a polar bear
  9541 | D:9      | Reached skill level 10 in Stealth
  9637 | D:9      | XOM: noise
  9653 | D:9      | Reached XP level 10. HP: 55/58 MP: 14/14
  9738 | D:9      | XOM: severe Erth miscast
  9906 | D:9      | XOM: severe Chrm miscast
 10048 | D:9      | XOM: mild Chrm miscast
 10154 | D:9      | Found a sparkling altar of Nemelex Xobeh.
 10339 | D:9      | Reached ** piety under Fedhas
 10396 | D:9      | Found an iron altar of Okawaru.
 10458 | D:10     | Entered Level 10 of the Dungeon
 10544 | D:10     | XOM: polymorph wandering mushroom -> oklob plant
 10571 | D:10     | XOM: mild Erth miscast
 10584 | D:10     | Gained mutation: Your muscles are strong. (Str +2) [mutagenic meat]
 10585 | D:10     | Gained mutation: You are frail (-10% HP). [mutagenic meat]
 10586 | D:10     | Gained mutation: You regenerate slowly when monsters are visible. [mutagenic meat]
 10587 | D:10     | Lost mutation: Your muscles are strong. (Str +2) [mutagenic meat]
 10588 | D:10     | Gained mutation: Your muscles are strong. (Str +2) [mutagenic meat]
 10589 | D:10     | Gained mutation: Your system is resistant to poisons. [mutagenic meat]
 11035 | D:10     | XOM: noise
 11072 | D:10     | Reached skill level 11 in Stealth
 11101 | D:10     | Noticed an unseen horror
 11230 | Lair:1   | Entered Level 1 of the Lair of Beasts
 11351 | Lair:1   | XOM: polymorph wandering mushroom -> wandering mushroom
 11723 | Lair:1   | Reached skill level 1 in Poison Magic
 11738 | Lair:1   | Reached skill level 1 in Spellcasting
 11854 | Lair:1   | Reached skill level 1 in Air Magic
 11876 | Lair:1   | Noticed a black mamba
 11946 | Lair:1   | Killed a black mamba
 11971 | Lair:1   | Reached skill level 5 in Invocations
 12016 | Lair:1   | Reached XP level 11. HP: 54/56 MP: 16/16
 12083 | Lair:1   | Noticed a six-headed hydra
 12101 | Lair:1   | Killed a six-headed hydra
 12449 | Lair:2   | Reached skill level 1 in Charms
 12553 | Lair:2   | XOM: medium Ice miscast
 12714 | Lair:2   | Reached *** piety under Fedhas
 13749 | Lair:1   | XOM: medium Air miscast
 14081 | Lair:3   | Found a staircase to the Snake Pit.
 14087 | Lair:3   | Slain by a black mamba

Vault maps used:
D:1:      minmay_arrival_split_and_join
D:2:      marbit_many_paths, lemuel_crystal_altar, lemuel_doored_altar,
          minivault_25, dk_xom_monty_hall
D:3:      kennysheep_goblin_castle, nicolae_overflow_crystal_walls, fountainhead
D:4:      grunt_temple_overflow_order_and_chaos_1, kennysheep_mini,
          minmay_temple_entry_mist, first_bread, supply_closet_lemuel
D:5:      lemuel_round_altar, nicolae_elemental_shop
D:6:      grunt_temple_overflow_growth_and_decay
D:8:      lemuel_bear_cage, lair_0_dummy
D:9:      overflow_temple_1_default, lemuel_coloured_pillars_altar
D:10:     grunt_pizzeria, eino_small_chamber_without_monster
Temple:   minmay_temple_bridge_a_8
Lair:1:   serial_forest, infiniplex_forest_clump_medium,
          infiniplex_forest_straight_4, infiniplex_forest_end_2,
          infiniplex_forest_end_2, infiniplex_forest_clump_small,
          infiniplex_forest_clump_small, infiniplex_forest_clump_small,
          infiniplex_forest_clump_double, infiniplex_forest_end_2
Lair:2:   grunt_megastairs_3
Lair:3:   minmay_snake_entry_six_corridors, beast_lair_carwin_9

Action                   |  1- 3 |  4- 6 |  7- 9 | 10-12 || total
-------------------------+-------+-------+-------+-------++-------
Melee: Short sword       |    59 |   142 |    55 |       ||   256
       Dagger            |       |       |   183 |       ||   183
       Long sword        |       |       |    72 |   181 ||   253
 Fire: Hunting sling     |       |       |    11 |   308 ||   319
Invok: Evolution         |       |       |     5 |     9 ||    14
       Sunlight          |       |       |       |     4 ||     4
Evoke: Wand              |     1 |       |    26 |    19 ||    46
  Use: Scroll            |       |     3 |    12 |    11 ||    26
       Potion            |       |     2 |     6 |     3 ||    11
 Stab: Sleeping          |     8 |    12 |    33 |    17 ||    70
       Confused          |       |       |     1 |       ||     1
       Distracted        |       |       |     1 |       ||     1
  Eat: Chunk             |     1 |     7 |     3 |     6 ||    17
       Beef jerky        |       |       |     1 |     2 ||     3
       Royal jelly       |       |       |     1 |       ||     1
       Meat ration       |       |       |     3 |     2 ||     5
       Pizza             |       |       |       |     1 ||     1
